 Dungeon Crawl Stone Soup version 0.22-a0-608-g8a62e23 (webtiles) character file.

81 kae the Skirmisher (level 4, -1/40 HPs)
             Began as a Minotaur Fighter on July 9, 2018.
             Slain by a gnoll
             ... wielding a +0 spear
              (7 damage)
             ... on level 2 of the Dungeon.
             The game lasted 00:00:53 (1046 turns).

kae the Skirmisher (Minotaur Fighter)               Turns: 1046, Time: 00:00:54

Health: -1/40      AC:  7    Str: 22    XL:     4   Next: 20%
Magic:  3/3        EV:  8    Int:  5    God:
Gold:   62         SH:  9    Dex:  9    Spells: 3/3 levels left

rFire    . . .     SeeInvis .   a - +0 long sword
rCold    . . .     Gourm    .   c - +0 shield
rNeg     . . .     Faith    .   b - +0 scale mail
rPois    .         Spirit   .   (helmet restricted)
rElec    .         Reflect  .   (no cloak)
rCorr    .         Harm     .   (no gloves)
MR       .....                  (no boots)
Stlth    ..........             (no amulet)
HPRegen  0.13/turn              (no ring)
MPRegen  0.08/turn              (no ring)

@: no status effects
A: retaliatory headbutt, horns 2
a: no special abilities


You were on level 2 of the Dungeon.
You were hungry.

You visited 1 branch of the dungeon, and saw 2 of its levels.

You collected 62 gold pieces.

Inventory:

Hand Weapons
 a - a +0 long sword (weapon)
Armour
 b - a +0 scale mail (worn)
 c - a +0 shield (worn)
Jewellery
 e - an uncursed ring of positive energy {unknown}
 l - a cursed +4 ring of protection {unknown}
Scrolls
 h - 3 scrolls of enchant armour {unknown}
 i - a scroll of teleportation {unknown}
 k - 2 scrolls of identify {unknown}
Potions
 d - a potion of might
 g - a potion of curing {unknown}
 j - a potion of agility {unknown}
Comestibles
 f - 5 rations
 m - a chunk of flesh


   Skills:
 + Level 4.2 Fighting
 * Level 3.9 Long Blades
 + Level 4.2 Armour
 + Level 1.6 Dodging
 - Level 3.6 Shields


You had 3 spell levels left.
You didn't know any spells.
Your spell library was empty.

Dungeon Overview and Level Annotations

Branches:
Dungeon (2/15)

Altars:


Innate Abilities, Weirdness & Mutations

You reflexively headbutt those who attack you in melee.
You have a pair of horns on your head.


Message History

You kill the gnoll!
The gnoll hits you from afar with a spear!
* * * LOW HITPOINT WARNING * * *
You block the gnoll's attack.
Items here: $ ( )) † a flail; a whip; 22 stones; 18 gold pieces; a gnoll corpse You hit the gnoll.
Your headbutt misses the gnoll.
The gnoll is moderately wounded.
The gnoll hits you with a spear.
* * * LOW HITPOINT WARNING * * *
Your shield and scale mail prevent you from hitting the gnoll.
Your headbutt misses the gnoll.
The gnoll is moderately wounded.
You block the gnoll's attack.
You barely miss the gnoll. Your headbutt misses the gnoll.
The gnoll is moderately wounded.
The gnoll hits you with a spear.
* * * LOW HITPOINT WARNING * * *
The gnoll hits you with a spear!
You die...

####.#####....).... #)##
########## ##..#
##########...#
#.(......#...########
#...................#
#........#.(..##.##..#
#..........##........####
#########@###.##.##......#
#.g# #..#..# .###.. ...##
##.##.##..#### .).## .# .#
#..... #.## .# ..#...### #
.> #.#. ...# .. .. #.. ###


You could see a gnoll.

Vanquished Creatures
  3 gnolls (D:2)
  An ooze (D:2)
  A worm (D:2)
  2 dart slugs (D:2)
  A leopard gecko (D:2)
  A giant cockroach (D:2)
  5 goblins (D:1)
  4 hobgoblins
  5 kobolds
  A quokka (D:2)
  4 ball pythons (D:1)
  5 bats
  3 frilled lizards (D:2)
  6 rats
42 creatures vanquished.

Notes
Turn   | Place    | Note
-------+----------+-------------------------------------------
     0 | D:1      | kae the Minotaur Fighter began the quest for the Orb.
     0 | D:1      | Reached XP level 1. HP: 19/19 MP: 0/0
   126 | D:1      | Reached XP level 2. HP: 26/27 MP: 1/1
   525 | D:2      | Reached skill level 1 in Dodging
   541 | D:2      | Reached XP level 3. HP: 25/33 MP: 2/2
   936 | D:2      | Noticed an ogre
  1033 | D:2      | Reached XP level 4. HP: 39/40 MP: 3/3
  1046 | D:2      | Slain by a gnoll

Vault maps used:
D:1:      dpeg_arrival_lava_temple_mockup
D:2:      overflow_temple_1_default, serial_glass, glass_columns_c,
          glass_columns_a, first_ration

Skill      XL: |  1  2 |
---------------+-------+-----
Long Blades    | 3 |  3.9
Dodging        | 1 |  1.6
Fighting       | 4 |  4.2
Armour         | 4 |  4.2
Shields        | |  3.6

Action                   |  1- 3 |  4- 6 || total
-------------------------+-------+-------++-------
Melee: Long sword        |    70 |    12 ||    82
       Headbutt          |    14 |     1 ||    15
Armor: Scale mail        |    25 |     1 ||    26
Dodge: Dodged            |    27 |       ||    27
Block: Shield            |    24 |     7 ||    31
       Rpst.: Long sword |    12 |       ||    12

Table legend:
 A = Spawn XP
 B = Non-spawn XP
 C = Spawn XP percentage of total XP
 D = Spawn monster count
 E = Non-spawn monster count
 F = Spawn count percentage of total count
 G = Total turns spent on level
                    A         B        C        D         E        F      G
               +---------+---------+-------+---------+---------+-------+---------
         Total |       0 |     117 |   0.0 |       0 |      42 |   0.0 |  1046
               +---------+---------+-------+---------+---------+-------+---------
           D:1 |       0 |      30 |   0.0 |       0 |      21 |   0.0 |   678
           D:2 |       0 |      87 |   0.0 |       0 |      21 |   0.0 |   368
               +---------+---------+-------+---------+---------+-------+---------
